 Dungeon Crawl Stone Soup version bcrawl-1.12-8-g964540c432 (webtiles) character file.

Game seed: 11988246756153178894

108812 EnegeticOcto the Severer (level 16, -4/149 HPs)
             Began as a Minotaur Sloth Apostle on June 9, 2019.
             Was a Priest of Cheibriados.
             Slain by a shambling mangrove (22 damage)
             ... on level 1 of the Swamp.
             The game lasted 00:22:24 (24351 turns).

EnegeticOcto the Severer (Minotaur Sloth Apostle)  Turns: 24351, Time: 00:22:24

Health: -4/149     AC: 25    Str: 32    XL:     16   Next: 3%
Magic:  19/24      EV: 13    Int: 21    God:    Cheibriados [***...]
Gold:   702        SH: 15    Dex: 22    Spells: 17/17 levels left

rFire    + + .     SeeInvis .   E - +3 hand axe (venom)
rCold    + . .     Gourm    .   c - +0 shield
rNeg     + . .     Faith    +   F - +2 plate armour {rF+}
rPois    +         Spirit   .   J - -2 hat of the Alchemist {rElec rPois rF+ rC+ rN+ MR+ rMut rCorr}
rElec    +         Reflect  .   l - +0 cloak
rCorr    +         Harm     .   r - +2 pair of gloves
rMut     +                      k - +0 pair of boots
MR       +++..                  i - amulet "Ogukiwal" {Faith MR+ Int+4}
Stlth    ..........             C - +3 ring of protection
HPRegen  0.34/turn              A - +4 ring of dexterity
MPRegen  0.19/turn

@: grasped by roots, constricted, very slow
A: retaliatory headbutt, horns 2
a: Bend Time, Temporal Distortion, Renounce Religion


You were on level 1 of the Swamp.
You worshipped Cheibriados.
Cheibriados was most pleased with you.
You were very hungry.

You visited 5 branches of the dungeon, and saw 22 of its levels.

You collected 2757 gold pieces.
You spent 2055 gold pieces at shops.

Inventory:

Hand Weapons
 b - a +1 hand axe of freezing
 j - a +0 war axe
 o - a +1 flail of crushing
 E - a +3 hand axe of venom (weapon)
Missiles
 I - 3 throwing nets (quivered) {!f!f}
Armour
 c - a +0 shield (worn)
 k - a +0 pair of boots (worn)
 l - a +0 cloak (worn)
 r - a +2 pair of gloves (worn)
 F - a +2 plate armour of fire resistance (worn)
 J - the -2 hat of the Alchemist (worn) {rElec rPois rF+ rC+ rN+ MR+ rMut rCorr}
   (You bought it in a shop on level 9 of the Dungeon)

   It protects you from fire.
   It protects you from cold.
   It insulates you from electricity.
   It protects you from poison.
   It protects you from negative energy.
   It affects your resistance to hostile enchantments.
   It provides partial protection from all sources of acid and corrosion.
   It protects you from mutation.
Jewellery
 i - the amulet "Ogukiwal" (around neck) {Faith MR+ Int+4}
   (You bought it in a shop in the Orcish Mines)

   [amulet of faith]

   It allows you to gain divine favour quickly.
   It affects your intelligence (+4).
   It affects your resistance to hostile enchantments.
 A - a +4 ring of dexterity (right hand)
 C - a +3 ring of protection (left hand)
 D - an uncursed ring of protection from fire
Wands
 d - a wand of paralysis (12)
 f - a wand of flame (8)
 s - a wand of polymorph (13)
 t - a wand of enslavement (7)
 z - a wand of digging (7)
 P - a wand of clouds (13)
Scrolls
 h - 2 scrolls of fog {!r}
 m - 12 scrolls of remove curse {@r2}
 p - 4 scrolls of magic mapping {@r5 !r}
 v - 4 scrolls of identify {@r1}
 w - 3 scrolls of fear {!r}
 y - 7 scrolls of teleportation {@r3 !r}
 H - 3 scrolls of immolation
 K - a scroll of enchant weapon
 N - a scroll of noise
Potions
 a - 5 potions of mutation
 g - 3 potions of agility {@q5 !q}
 n - 5 potions of cancellation
 q - 4 potions of lignification {@q6}
 u - 6 potions of curing {@q1 !q}
 x - a potion of ambrosia
 B - a potion of degeneration
 G - 2 potions of flight
 L - 2 potions of brilliance
 O - a potion of heal wounds {@q2 !q}
Comestibles
 e - 40 rations {!d}


   Skills:
 + Level 15.5 Fighting
 * Level 16.6 Axes
 + Level 12.0 Armour
 + Level 11.0 Dodging
 - Level 2.6 Stealth
 + Level 12.3 Shields
 - Level 1.0 Spellcasting
   Level 0.5 Hexes
 * Level 12.5 Invocations
 - Level 0.8 Evocations


You had 17 spell levels left.
You didn't know any spells.
Your spell library contained the following spells:

 Spells                   Type           Power        Failure   Level  Hunger
 Flame Tongue             Conj/Fire      #....        78%         1    ##.....
 Sandblast                Erth           #.....       78%         1    ##.....
 Passwall                 Tmut/Erth      #.......     89%         2    ###....
 Conjure Flame            Conj/Fire      #.......     98%         3    ####...
 Inner Flame              Hex/Fire       N/A          98%         3    ####...
 Stone Arrow              Conj/Erth      #.....       98%         3    ####...
 Petrify                  Tmut/Erth      #.......     100%        4    #####..
 Sticky Flame             Conj/Fire      #.......     100%        4    #####..
 Fireball                 Conj/Fire      #.........   100%        5    ######.
 Lee's Rapid Deconstruct  Erth           #.........   100%        5    ######.


Dungeon Overview and Level Annotations

Branches:
Dungeon (12/12)            Temple (0/1) D:5            Lair (6/6) D:9
  Swamp (2/3) Lair:2        Snake (1/3) Lair:4        Slime (0/5) Lair:6
    Orc (1/1) D:9             Elf (0/3) Orc          Vaults (0/3) D:11
 Depths (0/5) D:12

Altars:
Ashenzari
Gozag
Makhleb
Nemelex Xobeh
Okawaru
Qazlal
Sif Muna
Trog
Uskayaw
Wu Jian
Jiyva

Shops:
D:5 =   D:9 [   D:10 ?   D:12 }   Orc }[=[}

Annotations:
D:9 6 exclusions
Lair:1 exclusion: 3 oklob plants


Innate Abilities, Weirdness & Mutations

You reflexively headbutt those who attack you in melee.
You have a pair of horns on your head.


Message History

You are too injured to fight recklessly!
You are too injured to fight recklessly!
You are too injured to fight recklessly!
You are too injured to fight recklessly!
You are too injured to fight recklessly!
You are too injured to fight recklessly!
You are too injured to fight recklessly!
You are too injured to fight recklessly!
You are too injured to fight recklessly!
You are too injured to fight recklessly!
You hit the shambling mangrove but do no damage.
The shambling mangrove is lightly damaged.
You slash the slime creature! You hit the large slime creature.
You hit the cane toad but do no damage.
The cane toad looks even sicker.
You block the large slime creature's attack.
The slime creature barely misses you. You furiously retaliate!
You headbutt the slime creature! The cane toad misses you.
You furiously retaliate!
You headbutt the cane toad!
Roots burst forth from the earth!
The grasping roots grab you! The grasping roots constrict you!
You hit the shambling mangrove. You headbutt the shambling mangrove.
The shambling mangrove is lightly damaged.
You hit the cane toad but do no damage.
The cane toad looks as sick as possible!
You slash the large slime creature! You hit the slime creature.
The large slime creature hits you!
* * * LOW HITPOINT WARNING * * *
You block the cane toad's attack.
The slime creature hits you but does no damage.
You hit the shambling mangrove but do no damage.
The shambling mangrove is lightly damaged.
You slash the slime creature!
The slime creature is poisoned.
You hit the large slime creature but do no damage.
The large slime creature is poisoned.
You completely miss the cane toad.
The shambling mangrove barely misses you.
You furiously retaliate!
You headbutt the shambling mangrove!! The grasping roots constrict you.
You hit the shambling mangrove but do no damage.
You headbutt the shambling mangrove.
The shambling mangrove is heavily damaged.
You barely miss the slime creature. You slash the large slime creature!
You completely miss the cane toad.
A large slime creature splits.
The cane toad hits you!
* * * LOW HITPOINT WARNING * * *
The slime creature hits you!
* * * LOW HITPOINT WARNING * * *
You are feeling very hungry.
You hit the shambling mangrove but do no damage.
The shambling mangrove is heavily damaged.
You slash the slime creature!
The slime creature looks as sick as possible!
You slash the slime creature! x2; You slash the cane toad!
The cane toad looks as sick as possible!
You block the cane toad's attack. The slime creature barely misses you.
You furiously retaliate!
You headbutt the slime creature, but do no damage.
You block the shambling mangrove's attack.
* * * LOW HITPOINT WARNING * * *
The grasping roots constrict you!
You completely miss the shambling mangrove.
You headbutt the shambling mangrove, but do no damage.
The shambling mangrove is heavily damaged.
Your plate armour prevents you from hitting the slime creature.
You hit the slime creature. You slash the slime creature!
You hit the cane toad but do no damage. The slime creature barely misses you.
The slime creature hits you but does no damage.
Really quaff
O - 3 potions of heal wounds {@q2 !q}?
You feel much better. You block the cane toad's attack.
The slime creature hits you but does no damage.
The slime creature completely misses you.
You furiously retaliate!
You headbutt the slime creature!
You kill the slime creature!
Cheibriados thoroughly appreciates the change of pace.
You can now inflict damage on those overly hasty.
Cheibriados raises the support of your attributes as your movement slows.
The shambling mangrove hits you!!
* * * LOW HITPOINT WARNING * * *
x2 The grasping roots constrict you.
You block the slime creature's attack. The cane toad misses you.
You furiously retaliate!
You headbutt the cane toad!
You kill the cane toad!
Cheibriados appreciates the change of pace.
Really quaff
O - 2 potions of heal wounds {@q2 !q}?
You feel much better. You block the slime creature's attack.
The slime creature closely misses you. You furiously retaliate!
You headbutt the slime creature! The shambling mangrove hits you!
* * * LOW HITPOINT WARNING * * *
The grasping roots constrict you.
Okay, then.
You can feel time thicken for a moment.
You kill the slime creature!
Cheibriados appreciates the change of pace.
You feel somewhat more hungry.
You can no longer inflict damage on those overly hasty.
Cheibriados lowers the support of your attributes as your movement quickens.
The slime creature hits you!
* * * LOW HITPOINT WARNING * * *
Angry insects surge out from beneath the shambling mangrove's foliage!
The shambling mangrove hits you but does no damage.
You die...

≈...♣ ♣.≈≈.♣♣ ♣.≈≈.♣♣..§♣♣♣≈≈≈...
....♣ ♣♣..≈♣ ♣≈≈.≈♣♣≈...♣♣.≈≈...
♣♣♣♣♣ ♣♣♣♣♣ ♣.≈≈≈≈....≈≈≈......
♣♣ ♣♣♣ ♣♣♣≈≈≈≈≈≈≈≈..≈≈≈≈♣♣.≈ .♣
♣♣.♣♣♣♣.≈≈≈≈≈≈≈≈...≈≈.♣♣♣♣≈ ≈♣
♣....♣≈≈≈≈...≈≈≈.§≈≈§).♣♣♣. ≈♣
♣♣.≈≈§..≈.≈...≈≈≈.≈≈≈≈≈.≈♣≈. ≈♣
♣≈.≈≈≈≈..(..J..≈≈.≈≈≈≈≈≈.♣♣≈ ♣♣
♣..≈≈≈≈....@..≈≈...≈≈≈≈≈.♣♣♣ ♣
♣♣..≈≈≈.≈≈.fy♣...≈≈≈≈≈≈≈≈.♣♣♣
♣♣♣♣♣..≈....≈y≈.♣≈.≈≈≈≈≈≈≈≈≈.≈.≈≈
..≈(...≈....≈y≈...≈≈≈≈≈≈≈≈≈.≈≈..♣
....≈..≈≈..≈.≈.....≈≈≈§≈≈≈.....♣♣
≈≈♣.......♣♣♣≈≈♣♣♣..≈≈≈≈≈≈....♣♣♣
♣♣≈≈)..≈♣♣♣♣..♣...♣≈§..≈≈..§≈≈≈♣♣
♣.≈♣♣♣♣♣♣ ♣≈≈≈.≈≈)..≈♣.....≈≈.≈..
♣..♣ ♣≈≈≈≈≈......≈.......♣..


You could see a shambling mangrove, a slime creature and 3 hornets.

Vanquished Creatures
  Gastronok (Lair:1)
  A thorn hunter (Swamp:1)
  A fire dragon (D:12)
  A naga warrior (Snake:1)
  Psyche (D:10)
  9 hydras
  Harold (Lair:1)
  An ice dragon (D:12)
  4 anacondas
  A centaur warrior (D:12)
  8 alligators (Swamp:1)
  3 two-headed ogres
  2 dancing weapons (D:11)
  Urug (D:11)
  A queen ant (Lair:3)
  4 orc high priests (Orc)
  An ogre mage (D:12)
  3 naga sharpshooters (Snake:1)
  Sonja (Lair:2)
  5 skeletal warriors (D:11)
  A salamander mystic (Snake:1)
  3 spriggan druids (Swamp:1)
  An unseen horror (D:11)
  2 naga ritualists (Snake:1)
  A swamp dragon (Swamp:1)
  A wizard (D:12)
  A cyclops (D:12)
  3 orc sorcerers (Orc)
  5 orc knights (Orc)
  2 ugly things
  2 salamanders (Snake:1)
  8 slime creatures (Swamp:1)
  4 elephants (Lair:5)
  21 black mambas
  2 centaur zombies
  12 cane toads
  2 naga magi (Snake:1)
  A gargoyle (D:12)
  A torpor snail (Lair:6)
  An efreet (D:12)
  3 centaur skeletons
  2 rime drakes
  11 komodo dragons
  A redback zombie (D:12)
  A kobold demonologist (D:10)
  A tengu conjurer (D:11)
  A yaktaur (D:12)
  5 polar bears
  11 hornets
  4 tyrant leeches
  Grinder (D:3)
  A bog body (Swamp:1)
  5 dream sheep
  3 trolls
  14 blink frogs
  5 hippogriffs
  14 spriggans
  3 shadows
  2 wyverns
  A human (D:8)
  A wraith (D:8)
  18 yaks
  3 hogs (D:8)
  5 hungry ghosts
  Grum (Lair:1)
  11 vampire mosquitoes
  5 basilisks
  21 soldier ants
  4 swamp worms
  An acid dragon (D:9)
  4 wargs (Orc)
  2 nagas (Snake:1)
  5 insubstantial wisps (Swamp:1)
  9 water moccasins
  8 porcupines
  18 orc warriors
  5 sky beasts
  A hornet zombie (D:9)
  3 ice beasts
  2 swamp drakes (Swamp:1)
  2 necrophages
  2 black bears (Lair:6)
  8 ogres
  A phantom (D:7)
  4 boggarts (Lair:6)
  5 centaurs
  31 wolves
  8 crocodiles
  9 bullfrogs
  3 big kobolds
  2 gnoll sergeants (D:8)
  A scorpion (shapeshifter) (D:12)
  A wyvern skeleton (D:6)
  5 scorpions
  A water moccasin skeleton (D:6)
  5 wights (D:11)
  4 electric eels (D:10)
  A bullfrog zombie (D:7)
  6 jellies
  6 crimson imps
  2 bullfrog skeletons
  4 hounds
  Crazy Yiuf (D:3)
  11 orc priests
  10 orc wizards
  6 hell rats (Lair:3)
  3 iguanas
  27 worker ants
  2 hound skeletons
  A howler monkey zombie (D:6)
  A worker ant zombie (D:9)
  Robin (D:3)
  17 gnolls
  A howler monkey skeleton (D:6)
  13 adders
  5 shadow imps
  An ooze (Lair:6)
  3 adder skeletons
  2 adder zombies
  7 worms
  3 dart slugs
  8 leopard geckos
  46 orcs
  4 giant cockroaches
  10 goblins
  10 hobgoblins
  2 jackals (D:1)
  23 kobolds
  A ball python (D:2)
  3 bats
  3 frilled lizards
  7 rats
  3 fungi
  A plant (Lair:6)
687 creatures vanquished.

Vanquished Creatures (others)
  An orc wizard (Orc)
  An orc (D:5)
  17 fungi
  12 plants
31 creatures vanquished.

Grand Total: 718 creatures vanquished

Notes
Turn   | Place    | Note
-------+----------+-------------------------------------------
     0 | D:1      | EnegeticOcto the Minotaur Sloth Apostle began the quest for
                  | the Orb.
     0 | D:1      | Reached XP level 1. HP: 18/18 MP: 1/1
   257 | D:1      | Reached XP level 2. HP: 25/25 MP: 2/2
   262 | D:1      | Reached skill level 3 in Axes
   268 | D:1      | Reached skill level 1 in Armour
   717 | D:1      | Reached XP level 3. HP: 25/30 MP: 3/3
  1050 | D:2      | Reached * piety under Cheibriados
  1778 | D:2      | Reached XP level 4. HP: 16/38 MP: 4/4
  2569 | D:3      | Noticed Robin
  2572 | D:3      | Reached ** piety under Cheibriados
  2578 | D:3      | Killed Robin
  2581 | D:3      | Reached skill level 1 in Dodging
  2607 | D:3      | Found a shattered altar of Ashenzari.
  2670 | D:3      | Noticed Grinder
  2676 | D:3      | Reached skill level 4 in Axes
  2676 | D:3      | Reached XP level 5. HP: 45/45 MP: 5/5
  2686 | D:3      | Killed Grinder
  2686 | D:3      | Reached skill level 5 in Axes
  2686 | D:3      | Reached XP level 6. HP: 52/52 MP: 6/6
  3012 | D:3      | Found a runed door.
  3126 | D:3      | Noticed a water elemental
  3128 | D:3      | Found a stormy altar of Qazlal.
  3200 | D:3      | Noticed an air elemental
  3201 | D:3      | Noticed a fire elemental
  3239 | D:3      | Noticed Crazy Yiuf
  3247 | D:3      | Killed Crazy Yiuf
  3536 | D:4      | Reached XP level 7. HP: 60/60 MP: 7/7
  3556 | D:4      | Found a hide-covered altar of Uskayaw.
  3764 | D:4      | Found an iron altar of Okawaru.
  3795 | D:4      | Reached skill level 6 in Axes
  3860 | D:5      | Entered Level 5 of the Dungeon
  3932 | D:5      | Reached *** piety under Cheibriados
  4020 | D:5      | Found an opulent altar of Gozag.
  4036 | D:5      | Got a faintly glowing ring mail
  4095 | D:5      | Reached skill level 5 in Shields
  4187 | D:5      | Found a staircase to the Ecumenical Temple.
  4212 | D:5      | Reached skill level 5 in Fighting
  4229 | D:5      | Reached XP level 8. HP: 68/68 MP: 8/8
  4236 | D:5      | Reached skill level 7 in Axes
  4495 | D:5      | Found Cimeopod's Jewellery Shop.
  4740 | D:5      | Identified the +7 ring mail of Focus {+Blink rF+ Str-4
                  | Dex+3} (You found it on level 5 of the Dungeon)
  4861 | D:6      | Reached **** piety under Cheibriados
  4911 | D:6      | Reached skill level 5 in Armour
  4942 | D:6      | Reached skill level 8 in Axes
  5310 | D:6      | Found an ornate altar of the Wu Jian Council.
  5396 | D:6      | Reached XP level 9. HP: 75/75 MP: 9/9
  5738 | D:6      | Noticed a moth of wrath
  5741 | D:6      | Found a bloodstained altar of Trog.
  5856 | D:7      | Reached ***** piety under Cheibriados
  5890 | D:7      | Reached skill level 9 in Axes
  5911 | D:7      | Found a deep blue altar of Sif Muna.
  5927 | D:7      | Reached skill level 5 in Dodging
  6133 | D:7      | Reached skill level 1 in Invocations
  6550 | D:8      | Noticed a troll
  6560 | D:8      | Killed a troll
  6560 | D:8      | Reached skill level 10 in Axes
  6722 | D:8      | Reached XP level 10. HP: 86/86 MP: 11/11
  7055 | D:8      | Reached ****** piety under Cheibriados
  7412 | D:9      | Found a burning altar of Makhleb.
  7447 | D:9      | Noticed a lindwurm
  7447 | D:9      | Noticed a lindwurm
  7499 | D:9      | Found a staircase to the Lair.
  7514 | D:9      | Reached skill level 11 in Axes
  7546 | D:9      | Found a sparkling altar of Nemelex Xobeh.
  7648 | D:9      | Found a staircase to the Orcish Mines.
  7650 | D:9      | Found Ferem's Armour Shoppe.
  7678 | D:9      | Bought the -2 hat of the Alchemist {rElec rPois rF+ rC+ rN+
                  | MR+ rMut rCorr} for 755 gold pieces
  7678 | D:9      | Found the -2 hat of the Alchemist {rElec rPois rF+ rC+ rN+
                  | MR+ rMut rCorr}
  7972 | D:10     | Entered Level 10 of the Dungeon
  8100 | D:10     | Reached skill level 5 in Invocations
  8120 | D:10     | Noticed a white ugly thing
  8132 | D:10     | Killed a white ugly thing
  8357 | D:10     | Reached XP level 11. HP: 94/94 MP: 14/14
  8489 | D:10     | Found Vaisor Wuwna's Magic Scroll Emporium.
  8545 | D:10     | Noticed a four-headed hydra
  8557 | D:10     | Killed a six-headed hydra
  8606 | D:10     | Bought a scroll of teleportation for 42 gold pieces
  8606 | D:10     | Bought a scroll of identify for 28 gold pieces
  8610 | D:10     | Reached XP level 12. HP: 115/115 MP: 15/15
  9034 | D:10     | Noticed Psyche
  9045 | D:10     | Killed Psyche
  9180 | Lair:1   | Entered Level 1 of the Lair of Beasts
  9191 | Lair:1   | Noticed Harold
  9204 | Lair:1   | Killed Harold
  9301 | Lair:1   | Noticed Grum
  9311 | Lair:1   | Killed Grum
  9386 | Lair:1   | Noticed Gastronok
  9407 | Lair:1   | Killed Gastronok
  9407 | Lair:1   | Reached skill level 12 in Axes
 10406 | Lair:2   | Noticed Sonja
 10417 | Lair:2   | Killed Sonja
 10467 | Lair:2   | Found a staircase to the Swamp.
 10876 | Lair:3   | Reached XP level 13. HP: 108/122 MP: 17/17
 10982 | Lair:3   | Reached skill level 13 in Axes
 11862 | Lair:4   | Found a staircase to the Snake Pit.
 11882 | Lair:4   | Got a crystal trident
 13020 | Lair:5   | Reached skill level 10 in Shields
 13394 | Lair:5   | Identified the +9 trident of Vevviq {antimagic, rElec rC+
                  | rN+} (You found it on level 4 of the Lair of Beasts)
 14020 | Lair:5   | Reached skill level 14 in Axes
 14027 | Lair:5   | Reached skill level 10 in Armour
 14354 | Lair:6   | Entered Level 6 of the Lair of Beasts
 14464 | Lair:6   | Reached XP level 14. HP: 127/132 MP: 20/20
 14586 | Lair:6   | Found an iron altar of Okawaru.
 14689 | Lair:6   | Reached skill level 10 in Invocations
 15324 | Lair:6   | Found a runed door.
 15324 | Lair:6   | Found a viscous altar of Jiyva.
 15324 | Lair:6   | Found a staircase to the Slime Pits.
 16087 | Orc      | Entered the Orcish Mines
 16087 | Orc      | Found a staircase to the Elven Halls.
 16499 | Orc      | Found Pemealec's Gadget Shop.
 16930 | Orc      | Reached skill level 15 in Axes
 17228 | Orc      | Found Zekytor's Armour Boutique.
 17228 | Orc      | Found Xiyrgh's Gadget Emporium.
 17242 | Orc      | Found Joat's Jewellery Boutique.
 17242 | Orc      | Found Elidd's Antique Armour Emporium.
 17256 | Orc      | Bought a +3 ring of protection for 315 gold pieces
 17417 | Orc      | Bought the amulet "Ogukiwal" {Faith MR+ Int+4} for 915 gold
                  | pieces
 17608 | Snake:1  | Entered Level 1 of the Snake Pit
 18258 | Snake:1  | Reached skill level 10 in Dodging
 18753 | Snake:1  | Reached XP level 15. HP: 104/139 MP: 22/22
 19654 | D:11     | Reached skill level 15 in Fighting
 20156 | D:11     | Noticed Urug
 20174 | D:11     | Killed Urug
 20399 | D:11     | Found a gate to the Vaults.
 20480 | D:11     | Got a faintly glowing scale mail
 20543 | D:11     | Identified the +1 scale mail of Decompression {rPois
                  | Stlth+} (You found it on level 11 of the Dungeon)
 20806 | D:12     | Entered Level 12 of the Dungeon
 21130 | D:12     | Found Senla's Gadget Boutique.
 21413 | D:12     | Reached skill level 16 in Axes
 21565 | D:12     | Found a staircase to the Depths.
 22417 | Swamp:1  | Entered Level 1 of the Swamp
 22426 | Swamp:1  | Noticed a thorn hunter
 22442 | Swamp:1  | Killed a thorn hunter
 23888 | Swamp:1  | Reached XP level 16. HP: 78/149 MP: 24/24
 24351 | Swamp:1  | Slain by a shambling mangrove

Skill      XL: |  1  2  3  4  5  6  7  8  9 10 11 12 13 14 15 |
---------------+----------------------------------------------+-----
Axes           | 3 4 5 6 8 10 11 12 14 15 16 | 16.6
Armour         | 1 2 3 4 5 6 7 9 10 11 12 | 12.0
Fighting       | 3 4 5 6 7 8 13 14 15 | 15.5
Shields        | 3 4 5 6 7 8 9 10 11 12 | 12.3
Dodging        | 1 2 3 4 5 6 8 9 10 11 | 11.0
Invocations    | 3 5 7 9 11 12 | 12.5
Stealth        | |  2.6
Spellcasting   | |  1.0
Hexes          | |  0.5
Evocations     | |  0.8

Action                   |  1- 3 |  4- 6 |  7- 9 | 10-12 | 13-15 | 16-18 || total
-------------------------+-------+-------+-------+-------+-------+-------++-------
Melee: Hand axe          |   129 |   105 |   288 |   295 |   780 |    18 ||  1615
       Headbutt          |    19 |    19 |   109 |   123 |   447 |     9 ||   726
       Unarmed           |       |       |       |     2 |       |       ||     2
       War axe           |       |       |       |       |   256 |       ||   256
       Flail             |       |       |       |       |   116 |       ||   116
Invok: Bend Time         |       |       |       |     5 |     1 |       ||     6
       Slouch            |       |       |       |       |    31 |     1 ||    32
Evoke: Wand              |       |     2 |       |    15 |     7 |       ||    24
  Use: Scroll            |       |     1 |    12 |     7 |    12 |       ||    32
       Potion            |       |       |       |     1 |     1 |     2 ||     4
 Stab: Sleeping          |     2 |       |     5 |     2 |     5 |       ||    14
       Paralysed         |       |    12 |       |       |       |       ||    12
       Distracted        |       |       |       |     2 |       |       ||     2
  Eat: Chunk             |     2 |     3 |     6 |     8 |    13 |       ||    32
       Ration            |       |       |     1 |       |     4 |       ||     5
Armor: Robe              |    28 |     5 |       |       |       |       ||    33
       Ring mail         |       |     9 |    51 |    38 |    93 |       ||   191
       Chain mail        |       |    13 |    20 |       |       |       ||    33
       Plate armour      |       |       |       |       |   188 |     8 ||   196
Dodge: Dodged            |    36 |    16 |    68 |   101 |   506 |    13 ||   740
Block: Shield            |    68 |    54 |   188 |   216 |   824 |    19 ||  1369
       Reflection        |       |     3 |     4 |     5 |    11 |       ||    23
